 Dungeon Crawl Stone Soup version 0.26.1-11-gd32895ea62 (webtiles) character file.

Game seed: 5210140809845438375

43184 Almogavar the Fencer (level 13, -1/123 HPs)
             Began as a Minotaur Berserker on Apr 19, 2021.
             Was a High Priest of Trog.
             Slain by a cane toad (28 damage)
             ... on level 1 of the Lair of Beasts.
             The game lasted 00:49:16 (19839 turns).

Almogavar the Fencer (Minotaur Berserker)          Turns: 19839, Time: 00:49:16

Health: -1/123     AC: 19    Str: 26    XL:     13   Next: 89%
Magic:  12/12      EV: 13    Int:  4    God:    Trog [*****.]
Gold:   375        SH: 13    Dex: 11    Spells: 12/12 levels left

rFire    . . .     SeeInvis +   i - +5 demon blade
rCold    + + +     Faith    .   A - +0 kite shield
rNeg     . . .     Spirit   .   C - +2 ice dragon scales
rPois    .         Reflect  .   b - +0 hat
rElec    .         Harm     .   U - scarf {rC+ rF+}
rCorr    .         Rampage  .   (no gloves)
Will     ++...                  (no boots)
Stlth    ..........             (no amulet)
HPRegen  1.30/turn              Q - +4 ring of protection
MPRegen  0.13/turn              G - ring of see invisible

@: berserk cooldown, regenerating, slowed, very slow
A: retaliatory headbutt, horns 2
a: Renounce Religion, Berserk, Trog's Hand, Brothers in Arms


You were on level 1 of the Lair of Beasts.
You worshipped Trog.
Trog was extremely pleased with you.
You visited 3 branches of the dungeon, and saw 16 of its levels.
You also visited: Ossuary and Gauntlet.

You collected 1484 gold pieces.
You spent 1109 gold pieces at shops.

Inventory:

Hand Weapons
 i - a +5 demon blade (weapon)
 r - the +10 shortbow of the Establishment {freeze, *Slow Int+8 Dex+3}
   (You bought it in a shop on level 2 of the Orcish Mines)

   It causes projectiles fired from it to freeze those they strike, causing
   extra injury to most foes and up to half again as much damage against
   particularly susceptible opponents.
   They can also slow down cold-blooded creatures.
   It affects your intelligence (+8).
   It affects your dexterity (+3).
   It may slow you when you take damage.
 H - the +5 spear "Ahom Jui" {vorpal, *Slow rPois rN+ Will+}
   (You found it on level 10 of the Dungeon)

   It inflicts extra damage upon your enemies.
   It protects you from poison.
   It protects you from negative energy.
   It affects your willpower, your defense against some magical effects.
   It may slow you when you take damage.
Missiles
 j - 153 arrows
Armour
 b - a +0 hat (worn)
 h - a +1 plate armour of fire resistance
 A - a +0 kite shield (worn)
 C - +2 ice dragon scales (worn)
 J - the +0 cloak "Laubaofan" {Rampage Dex+6}
   (You found it in a Gauntlet)

   It affects your dexterity (+6).
   It bestows one free step when moving towards enemies.
 R - +0 acid dragon scales
 U - a scarf of resistance (worn)
Jewellery
 u - an uncursed ring of flight
 G - a ring of see invisible (right hand)
 Q - a +4 ring of protection (left hand)
Wands
 q - a wand of iceblast (26)
 K - a wand of digging (3)
Scrolls
 c - 6 scrolls of enchant weapon
 d - 8 scrolls of blinking
 e - 2 scrolls of magic mapping
 f - 8 scrolls of remove curse
 g - 4 scrolls of teleportation
 l - 2 scrolls of enchant armour
 n - a scroll of fog
 y - 4 scrolls of random uselessness {unknown}
 I - 3 scrolls of fear
 T - a scroll of amnesia {unknown}
Potions
 a - a potion of flight
 m - 2 potions of haste
 t - 4 potions of might
 x - 7 potions of curing
 B - a potion of resistance {unknown}
 D - 2 potions of lignification {unknown}
 F - a potion of cancellation {unknown}
 N - a potion of brilliance {unknown}
Miscellaneous
 L - a lightning rod (4/4)


   Skills:
 + Level 13.9 Fighting
 - Level 16.1 Long Blades
 - Level 0.3 Polearms
 + Level 3.2 Bows
 - Level 11.9 Armour
 + Level 7.3 Dodging
 * Level 12.8 Shields


You had 12 spell levels left.
You didn't know any spells.
Your spell library was empty.

Dungeon Overview and Level Annotations

Branches:
Dungeon (13/15)            Temple (0/1) D:7            Lair (1/6) D:11
    Orc (2/2) D:10            Elf (0/3) Orc:2       Ossuary (visited)
Gauntlet (visited)
 Vaults: D:13-14

Altars:
Ashenzari
Dithmenos
Gozag
Hepliaklqana
Makhleb
Ru
Trog
Xom
The Shining One
Beogh

Shops:
D:4 (   D:5 (   Orc:2 *(=[

Annotations:
Lair:1 1 transporter


Innate Abilities, Weirdness & Mutations

You reflexively headbutt those who attack you in melee.
You have a pair of horns on your head.


Message History

* * * LOW HITPOINT WARNING * * *
You are more poisoned.
The cane toad poisons you!
The moth of wrath is engulfed in noxious fumes.
The moth of wrath appears confused.
The basilisk bites the moth of wrath!!
The moth of wrath is engulfed in noxious fumes.
The moth of wrath appears confused.
The cane toad barely misses you.
The moth of wrath bites you but does no damage.
You feel much better.
You are engulfed in noxious fumes.
You choke on the stench!
You are more confused.
You feel very sick. The cane toad barely misses you. The cane toad stings you!
You are more poisoned.
The cane toad poisons you!
The moth of wrath bites you but does no damage. x2
The cane toad stings you!!
* * * LOW HITPOINT WARNING * * *
The moth of wrath bites you but does no damage.
You feel better.
The basilisk seems less confused.
The cane toad stings you!!
You die...

####..# #..# #....
###.###.######.# #....
##..............## #....
##..####.©.####...## #....
#..##..##### .###..# #....
#..#....(!)$.#..##.# #....
##.##.##..=###....#.#
#....
#..#.....#yF.☼.#.##.#
#....
##.#©.##l.©@°#...#..#
#.... #.#......#.y##..#.##
#.... #.##...#...#....#.#
##### ##..#....#......##.#
#.#.#####..###.##..#
######
###.....####©###..##
#.##.#
#.##...........#.#####....
########...........# #....
##...........# #....


You could see 2 moths of wrath, a cane toad (berserk) and a basilisk.

Vanquished Creatures
  Gastronok (D:10)
  An orc warlord (Orc:2)
  A stone giant (Orc:1)
  A minotaur (Gauntlet)
  Erolcha (D:10)
  5 hydras
  A ghost crab (Gauntlet)
  A centaur warrior (D:11)
  A hydra (shapeshifter) (D:11)
  2 two-headed ogres
  3 orc high priests
  Nergalle (Orc:1)
  3 unseen horrors
  7 orc knights
  A deep elf mage (D:11)
  2 orc sorcerers
  An ugly thing (D:12)
  2 cyclopes
  A cane toad (Lair:1)
  2 gargoyles (D:11)
  3 komodo dragons
  6 trolls
  12 blink frogs (Lair:1)
  3 flying skulls (Gauntlet)
  2 shadows (D:12)
  3 centaur simulacra
  2 wyverns
  2 wraiths
  22 yaks
  3 vampires
  2 wargs
  An acid dragon (D:11)
  4 water moccasins
  35 orc warriors
  4 sky beasts
  A phantom (D:4)
  8 ogres
  3 ice beasts
  A necrophage (D:11)
  5 centaurs
  Blork the orc (D:6)
  2 big kobolds
  13 bullfrogs
  A water moccasin zombie (D:11)
  A hornet simulacrum (D:11)
  2 scorpions
  11 killer bees
  5 wights
  4 howler monkeys
  3 bullfrog zombies
  A quasit (D:11)
  3 hounds
  A wyvern simulacrum (Gauntlet)
  3 centaur zombies
  16 orc priests
  3 bullfrog skeletons
  A human zombie (Ossuary)
  4 jellies
  4 centaur skeletons
  3 iguanas
  Terence (D:2)
  22 orc wizards
  7 worker ants
  A big kobold zombie (Ossuary)
  A bullfrog simulacrum (Gauntlet)
  3 hound skeletons
  5 mummies
  4 gnolls (D:3)
  A howler monkey skeleton (D:5)
  A worker ant zombie (D:11)
  11 adders
  A shadow imp (D:5)
  4 white imps
  An ufetubus (D:8)
  An ooze (D:2)
  An adder skeleton (D:4)
  2 worms
  A dart slug (D:1)
  8 leopard geckos
  59 orcs
  A ball python (D:1)
  5 giant cockroaches
  8 goblins
  9 hobgoblins
  9 jackals
  16 kobolds
  5 quokkas
  5 bats
  2 frilled lizards (D:4)
  A giant cockroach zombie (D:6)
  2 hobgoblin zombies (Ossuary)
  A kobold zombie (Ossuary)
  An orc zombie (Ossuary)
  A quokka skeleton (D:4)
  6 rats
449 creatures vanquished.

Vanquished Creatures (others)
  The ghost of danmikkh the Thaumaturge, a journeyman DsWz of Vehumet (Lair:1)
  A basilisk (Lair:1)
  A plant (Lair:1)
3 creatures vanquished.

Grand Total: 452 creatures vanquished

Notes
Turn   | Place    | Note
-------+----------+-------------------------------------------
     0 | D:1      | Almogavar the Minotaur Berserker began the quest for the
                  | Orb.
     0 | D:1      | Reached XP level 1. HP: 19/19 MP: 0/0
   211 | D:1      | Reached XP level 2. HP: 22/27 MP: 1/1
   346 | D:1      | Reached skill level 4 in Long Blades
  1035 | D:2      | Reached XP level 3. HP: 33/33 MP: 2/2
  1086 | D:2      | Reached ** piety under Trog
  1172 | D:2      | Noticed Terence
  1178 | D:2      | Killed Terence
  1180 | D:2      | Reached XP level 4. HP: 41/41 MP: 3/3
  1935 | D:3      | Reached skill level 5 in Long Blades
  2012 | D:3      | Reached XP level 5. HP: 18/47 MP: 4/4
  2267 | D:3      | Reached skill level 5 in Fighting
  2568 | D:3      | Noticed a sky beast
  2580 | D:3      | Killed a sky beast
  2581 | D:3      | Reached skill level 6 in Long Blades
  2581 | D:3      | Reached XP level 6. HP: 31/56 MP: 5/5
  2924 | D:4      | Reached *** piety under Trog
  3011 | D:4      | Found Ruuc's Weapon Emporium.
  3058 | D:4      | Found an opulent altar of Gozag.
  3386 | D:4      | Reached skill level 7 in Long Blades
  3386 | D:4      | Reached XP level 7. HP: 58/62 MP: 6/6
  3622 | D:4      | You fall into a shaft and drop 1 floor!
  3622 | D:5      | Entered Level 5 of the Dungeon
  3897 | D:5      | Reached skill level 5 in Armour
  4257 | D:5      | Found a broken altar of Ashenzari.
  4288 | D:5      | Found Bohash's Weapon Shoppe.
  4600 | D:6      | Found a sand-covered staircase.
  4609 | Ossuary  | Entered an ossuary
  4979 | Ossuary  | Reached **** piety under Trog
  5044 | Ossuary  | Reached skill level 8 in Long Blades
  5197 | D:6      | Noticed Blork the orc
  5205 | D:6      | Killed Blork the orc
  5206 | D:6      | Reached XP level 8. HP: 71/71 MP: 7/7
  5219 | D:6      | Found a glowing golden altar of the Shining One.
  5253 | D:6      | Reached skill level 9 in Long Blades
  5886 | D:6      | Reached skill level 10 in Long Blades
  5940 | D:6      | Found a shadowy altar of Dithmenos.
  6608 | D:7      | Reached XP level 9. HP: 79/79 MP: 8/8
  6626 | D:7      | Reached skill level 11 in Long Blades
  6856 | D:7      | Found a staircase to the Ecumenical Temple.
  7894 | D:8      | Reached ***** piety under Trog
  8118 | D:8      | Reached skill level 12 in Long Blades
  8374 | D:8      | Reached XP level 10. HP: 75/88 MP: 9/9
  8558 | D:8      | Found a sacrificial altar of Ru.
  8747 | D:9      | Found a hazy altar of Hepliaklqana.
  8753 | D:9      | Found a glowing golden altar of the Shining One.
  8755 | D:9      | Found a faded altar of an unknown god.
  8757 | D:9      | Found a faded altar of an unknown god.
  8760 | D:9      | Found a shimmering altar of Xom.
  9098 | D:9      | Found a glowing golden altar of the Shining One.
  9126 | D:9      | Found a burning altar of Makhleb.
  9604 | D:10     | Entered Level 10 of the Dungeon
  9610 | D:10     | Noticed an unseen horror
  9619 | D:10     | Killed an unseen horror
  9694 | D:10     | Reached skill level 13 in Long Blades
  9923 | D:10     | Found a staircase to the Orcish Mines.
  9941 | D:10     | Reached skill level 10 in Armour
 10060 | D:10     | Noticed a two-headed ogre
 10064 | D:10     | Killed a two-headed ogre
 10222 | D:10     | Noticed Erolcha
 10228 | D:10     | Killed Erolcha
 10229 | D:10     | Reached skill level 14 in Long Blades
 10349 | D:10     | Reached XP level 11. HP: 68/97 MP: 10/10
 10607 | D:10     | Noticed Gastronok
 10622 | D:10     | Killed Gastronok
 10891 | D:10     | Got an ichor-stained spear
 11159 | D:11     | Found a staircase to the Lair.
 11206 | D:11     | You fall into a shaft and drop 2 floors!
 11217 | D:12     | Reached skill level 15 in Long Blades
 11239 | D:12     | Found a gate leading to a gauntlet.
 11249 | D:12     | Reached skill level 10 in Fighting
 11256 | Gauntlet | Entered a Gauntlet
 11256 | Gauntlet | Found a transporter.
 11271 | Gauntlet | Found a transporter.
 11274 | Gauntlet | Found a transporter.
 11288 | Gauntlet | Found a transporter.
 11291 | Gauntlet | Found a transporter.
 11293 | Gauntlet | Noticed a ghost crab
 11305 | Gauntlet | Found a transporter.
 11362 | Gauntlet | Found a transporter.
 11378 | Gauntlet | Found a transporter.
 11381 | Gauntlet | Found a transporter.
 11401 | Gauntlet | Found a transporter.
 11404 | Gauntlet | Found a transporter.
 11426 | Gauntlet | Found a transporter.
 11693 | Gauntlet | Killed a ghost crab
 11707 | Gauntlet | Got a spiked cloak
 11718 | Gauntlet | Identified the +0 cloak "Laubaofan" {Rampage Dex+6} (You
                  | found it in a Gauntlet)
 11744 | Gauntlet | Noticed a minotaur
 11755 | Gauntlet | Killed a minotaur
 11998 | Gauntlet | Identified Lom Lobon's Collected Works on the Compass
 12032 | D:12     | Noticed a purple ugly thing
 12040 | D:12     | Killed a purple ugly thing
 12133 | D:12     | Reached skill level 16 in Long Blades
 12453 | D:12     | Noticed a seven-headed hydra
 12454 | D:12     | Identified the +5 spear "Ahom Jui" {vorpal, *Slow rPois rN+
                  | Will+} (You found it on level 10 of the Dungeon)
 12462 | D:12     | Killed a seven-headed hydra
 12463 | D:12     | Reached XP level 12. HP: 79/108 MP: 11/11
 12871 | D:12     | Reached skill level 1 in Shields
 12952 | D:12     | Noticed a seven-headed hydra
 12960 | D:12     | Killed a seven-headed hydra
 12961 | D:12     | Reached skill level 5 in Dodging
 12964 | D:12     | Received a gift from Trog
 13798 | D:11     | Noticed a centaur warrior
 13798 | D:11     | Noticed a six-headed hydra
 13807 | D:11     | Killed a centaur warrior
 13808 | D:11     | Reached skill level 5 in Shields
 13867 | D:11     | Killed a six-headed hydra
 13984 | D:11     | Noticed a fire dragon
 13991 | D:11     | Noticed a spark wasp
 13991 | D:11     | a fire dragon changed into a spark wasp
 14345 | D:11     | Noticed a six-headed hydra
 14352 | D:11     | Killed a six-headed hydra
 14732 | Orc:1    | Entered Level 1 of the Orcish Mines
 14840 | Orc:1    | Found a burning altar of Makhleb.
 14870 | Orc:1    | Noticed Nergalle
 14912 | Orc:1    | Killed Nergalle
 15260 | Orc:2    | Entered Level 2 of the Orcish Mines
 15268 | Orc:2    | Noticed a stone giant
 15278 | Orc:2    | Noticed an orc high priest
 15292 | Orc:1    | Killed a stone giant
 15549 | Orc:1    | Killed an orc high priest
 15614 | Orc:2    | Received a gift from Trog
 15717 | Orc:2    | Reached XP level 13. HP: 119/119 MP: 12/12
 15785 | Orc:2    | Found a bloodstained altar of Trog.
 16564 | Orc:2    | Reached skill level 10 in Shields
 16952 | Orc:2    | Noticed an orc warlord
 16974 | Orc:2    | Killed an orc warlord
 17043 | Orc:2    | Found a roughly hewn altar of Beogh.
 17077 | Orc:2    | Found Hoemidykk's Antique Weapon Shoppe.
 17087 | Orc:2    | Found Ifyisk's General Store.
 17234 | Orc:2    | Bought a scroll of fear for 45 gold pieces
 17234 | Orc:2    | Bought a scroll of fog for 26 gold pieces
 17234 | Orc:2    | Bought the +10 shortbow of the Establishment {freeze, *Slow
                  | Int+8 Dex+3} for 1038 gold pieces
 17248 | Orc:2    | Found Ragog's Jewellery Shoppe.
 17327 | Orc:2    | Found a roughly hewn altar of Beogh.
 17442 | Orc:2    | Found Cuam Dobb's Antique Armour Shoppe.
 17476 | Orc:2    | Found a staircase to the Elven Halls.
 18762 | Lair:1   | Entered Level 1 of the Lair of Beasts
 19072 | Lair:1   | Found a transporter.
 19138 | Lair:1   | Noticed danmikkh's ghost (journeyman DsWz)
 19152 | Lair:1   | Found a transporter.
 19250 | Lair:1   | Reached skill level 1 in Bows
 19835 | Lair:1   | Killed danmikkh's ghost
 19839 | Lair:1   | Slain by a cane toad

Illustrated notes

Levels and vault maps discovered:
D:1:      psy_arrival_basics, layout_loops_ring
D:2:      layout_basic, uniq_terence
D:3:      layout_basic
D:4:      layout_basic, serial_shops, shop, grunt_gozag_breadcrumbs
D:5:      layout_rooms, lemuel_doored_altar, serial_shops, kennysheep_mini,
          minmay_crystal_water
D:6:      layout_loops_ring, nicolae_dithmenos_through_a_glass_darkly,
          gup_ossuary_entry_pyramid, nicolae_tso_carved_into_rock,
          uniq_blork_the_orc
D:7:      layout_basic, minmay_temple_entry_statues_fountains
D:8:      layout_basic, lemuel_crystal_altar, minmay_misc_feat_iff
D:9:      layout_loops_ring, chequers_temple_overflow_minitemple,
          nzn_life_drinkers
D:10:     layout_gridville, orc_0_dummy, uniq_erolcha, uniq_gastronok
D:11:     minmay_the_grid_four_pointed_star
          [minmay_the_grid_triangle_9x9_descending_squares,
          minmay_the_grid_triangle_9x9_impossible_snake,
          minmay_the_grid_triangle_9x9_cache,
          minmay_the_grid_triangle_9x9_stretched_checkered,
          minmay_the_grid_prize_big_room], layout_gridville
D:12:     layout_grid_maze, gauntlet_entry_generic, kennysheep_small_square
D:13:     layout_long_grid, david_vaults_5, gammafunk_ghost_icy
Lair:1:   layout_roguey, gammafunk_ghost_berserking_beasts,
          grunt_forest_stairs_basic
Orc:1:    layout_caves, basic_altar, special_room [special_room_orc],
          uniq_nergalle
Orc:2:    grunt_orc_cross, layout_caves, basic_altar, mines1_david

Skill      XL: |  1  2  3  4  5  6  7  8  9 10 11 12 13 |
---------------+----------------------------------------+-----
Long Blades    | 4 5 6 7 8 10 12 14 16 | 16.1
Fighting       | 4 5 6 7 8 9 10 12 13 | 13.9
Armour         | 3 4 5 7 9 10 11 | 11.9
Dodging        | 3 4 6 7 |  7.3
Shields        | 9 12 | 12.8
Bows           | 3 |  3.2
Polearms       | |  0.3

Action                   |  1- 3 |  4- 6 |  7- 9 | 10-12 | 13-15 || total
-------------------------+-------+-------+-------+-------+-------++-------
Melee: Falchion          |    39 |   114 |   366 |   335 |       ||   854
       Headbutt          |    11 |    22 |   103 |   172 |    75 ||   383
       Great sword       |       |       |     3 |   193 |       ||   196
       Spear             |       |       |       |    31 |    14 ||    45
       Demon blade       |       |       |       |    10 |   318 ||   328
 Fire: Shortbow          |       |       |       |       |    45 ||    45
Invok: Berserk           |     1 |     2 |     3 |    11 |     7 ||    24
       Trog's Hand       |       |       |     1 |     6 |     1 ||     8
  Use: Scroll            |     3 |     5 |     5 |    10 |     1 ||    24
       Potion            |       |       |       |     1 |     2 ||     3
Armor: Animal skin       |     5 |       |       |       |       ||     5
       Scale mail        |       |    40 |    13 |       |       ||    53
       Chain mail        |       |       |    81 |       |       ||    81
       Plate armour      |       |       |    49 |   178 |       ||   227
       Ice dragon scales |       |       |       |   122 |   111 ||   233
Dodge: Dodged            |    23 |    59 |   147 |   241 |   147 ||   617
Block: Kite shield       |       |       |       |   133 |   163 ||   296
       Rpst.: Falchion   |     6 |    15 |    40 |    20 |       ||    81
       Great sword       |       |       |     4 |    29 |       ||    33
       Demon blade       |       |       |       |     2 |    27 ||    29
